Map: Dusk Towers

Players

blackxored - Winner!

  • Race: Zerg Zerg
  • League: Diamond

Magma

  • Race: Protoss Protoss
  • League: Platinum

VOD

Have the link to the VOD?

Description

Time

  • Played on: July 2, 2016, 2:46 a.m.
  • Length: 14:55
Show
View Real Time Build Order
Export as new Build Order

blackxored Zerg - Winner!

Build Orders: Hatch First 

Get SALT Encoding   

  12  0:01  Drone  
  13  0:08  Drone  
  14  0:17  Overlord  
  14  0:22  Extractor  
  14  0:23  Drone  
  15  0:43  Drone  
  15  0:44  Drone  
  17  0:52  Hatchery  
  17  0:55  Drone  
  17  0:59  Drone  
  18  1:10  Extractor  
  17  1:16  Spawning Pool  
  17  1:17  Drone  
  17  1:20  Drone  
  18  1:27  Drone  
  19  1:39  Overlord  
  19  1:51  Drone  
  20  2:03  Queen  
  20  2:07  Zergling x4  
  24  2:12  Hatchery  
  23  2:16  Metabolic Boost  
  23  2:19  Drone  
  23  2:21  Drone  
  25  2:28  Overlord  
  25  2:33  Drone  
  25  2:34  Drone  
  27  2:43  Drone  
  28  2:46  Queen  
  28  2:51  Drone  
  31  2:52  Drone  
  32  3:04  Pneumatized Carapace  
  32  3:05  Drone  
  32  3:06  Drone x2  
  32  3:09  Drone  
  36  3:20  Overlord  
  36  3:25  Queen  
  38  3:28  Drone x2  
  38  3:29  Drone x2  
  38  3:30  Drone  
  43  3:38  Drone  
  43  3:40  Evolution Chamber  
  44  3:41  Drone  
  44  3:43  Baneling Nest  
  43  3:57  Drone x8  
  43  4:01  Overlord  
  51  4:11  Drone x2, Spore Crawler  
  51  4:12  Spore Crawler  
  51  4:14  Spore Crawler  
  50  4:19  Drone x3, Spore Crawler  
  50  4:23  Spore Crawler  
  51  4:25  Drone  
  51  4:27  Drone, Spore Crawler  
  52  4:37  Zerg Melee Weapons Level 1  
  52  4:41  Drone x3  
  52  4:42  Extractor  
  54  4:51  Lair  
  54  4:55  Drone  
  54  4:57  Drone x3  
  54  4:58  Overlord  
  54  4:59  Overlord  
  57  5:14  Hatchery  
  57  5:19  Drone  
  57  5:20  Drone x4  
  61  5:21  Zergling x4  
  61  5:22  Zergling x12  
  69  5:40  Zergling x8  
  69  5:41  Overlord  
  69  5:42  Overlord x2  
  73  5:57  Hydralisk Den, Centrifical Hooks  
  72  5:58  Extractor  
  72  6:01  Drone x3, Evolution Chamber  
  72  6:02  Drone  
  72  6:03  Drone x2  
  76  6:10  Baneling  
  76  6:11  Baneling x4  
  76  6:17  Baneling  
  76  6:18  Baneling x3  
  76  6:32  Extractor, Drone x3  
  78  6:34  Hydralisk, Drone x2  
  78  6:35  Hydralisk  
  84  6:41  Drone  
  84  6:44  Spore Crawler  
  81  6:48  Spore Crawler  
  81  6:49  Spore Crawler  
  77  6:54  Hydralisk x3  
  74  7:16  Drone x9  
  74  7:17  Drone x10  
  91  7:24  Hydralisk x2  
  93  7:42  Zergling x2, Zerg Ground Armor Level 1  
  93  7:43  Zergling x12  
  100  7:52  Drone  
  100  7:54  Infestation Pit  
  100  7:57  Zergling x8  
  104  8:00  Overlord x3  
  104  8:17  Queen  
  102  8:30  Hive  
  102  8:31  Zergling x22  
  102  8:32  Zergling x10  
  118  8:41  Extractor x2, Drone x2  
  117  8:44  Drone x3  
  121  8:52  Baneling x3  
  121  8:58  Baneling x3  
  121  8:59  Baneling  
  121  9:02  Drone x7  
  128  9:15  Overlord x3  
  128  9:20  Spire  
  128  9:22  Queen  
  126  9:49  Adrenal Glands  
  126  9:50  Zergling x2  
  126  9:51  Zergling x40  
  143  10:30  Zerg Ground Armor Level 2, Zerg Melee Weapons Level 2  
  143  10:33  Overlord x3  
  143  10:35  Greater Spire  
  143  10:37  Overlord x11  
  143  10:38  Overlord  
  143  10:44  Ultralisk Cavern  
  142  10:53  Drone x4  
  146  11:02  Extractor, Drone x2  
  146  11:03  Drone x5  
  146  11:04  Extractor  
  151  11:07  Hatchery  
  151  11:10  Zergling x2  
  151  11:11  Zergling x10  
  154  11:13  Baneling  
  154  11:14  Baneling x37  
  154  11:15  Baneling x9  
  154  11:44  Extractor, Corruptor x4  
  154  11:45  Corruptor x4  
  169  11:47  Extractor  
  164  12:24  Brood Lord x3  
  164  12:26  Brood Lord  
  174  12:35  Zergling x52  
  161  12:45  Brood Lord  
  161  12:46  Corruptor  
  161  12:47  Corruptor x3  
  170  13:05  Overseer x3  
  170  13:11  Corruptor  
  170  13:12  Corruptor  
  174  13:14  Zergling x4  
  174  13:15  Zergling x6  
  179  13:20  Chitinous Plating  
  179  13:22  Zergling x4  
  179  13:44  Brood Lord  
  179  13:46  Brood Lord  
  179  13:47  Brood Lord  
  132  14:02  Corruptor  
  132  14:03  Corruptor  
  132  14:13  Zergling x26  
  127  14:39  Hatchery  
  118  14:49  Hatchery  
Show
View Real Time Build Order
Export as new Build Order

Magma Protoss 

Build Orders:  

Get SALT Encoding   

  12  0:00  Probe (Chrono Boost)  
  13  0:11  Probe (Chrono Boost)  
  14  0:19  Pylon  
  14  0:23  Probe (Chrono Boost)  
  15  0:38  Gateway  
  15  0:43  Probe (Chrono Boost)  
  16  0:50  Assimilator  
  16  0:52  Assimilator  
  16  0:54  Probe (Chrono Boost)  
  17  1:11  Probe (Chrono Boost)  
  18  1:21  Probe (Chrono Boost)  
  19  1:28  Cybernetics Core  
  19  1:31  Pylon  
  19  1:36  Probe (Chrono Boost)  
  21  1:47  Probe (Chrono Boost)  
  21  2:04  Nexus  
  21  2:08  Probe (Chrono Boost)  
  22  2:18  Adept  
  24  2:23  Probe (Chrono Boost)  
  25  2:47  Stalker  
  26  3:02  Pylon  
  26  3:05  Probe (Chrono Boost)  
  27  3:18  Assimilator  
  27  3:24  Stargate, Probe (Chrono Boost)  
  27  3:25  Probe (Chrono Boost)  
  27  3:26  Stargate  
  29  3:32  Adept  
  31  3:36  Probe x2 (Chrono Boost)  
  33  3:47  Probe (Chrono Boost)  
  33  3:48  Probe (Chrono Boost)  
  35  3:58  Probe (Chrono Boost)  
  36  4:09  Oracle (Chrono Boost)  
  36  4:10  Oracle (Chrono Boost)  
  42  4:19  Adept  
  44  4:28  Probe x2  
  46  4:36  Pylon  
  46  4:38  Pylon  
  46  4:43  Oracle x2 (Chrono Boost)  
  46  4:44  Pylon  
  52  4:46  Pylon  
  52  5:06  Twilight Council  
  55  5:14  Oracle x2 (Chrono Boost)  
  55  5:15  Gateway  
  55  5:16  Gateway  
  58  5:22  Zealot  
  58  5:26  Gateway, Probe x2  
  62  5:48  Probe x2  
  64  5:52  Gateway  
  64  5:53  Gateway  
  64  5:57  Zealot  
  64  6:00  Probe x2  
  64  6:02  Templar Archives  
  68  6:11  Charge  
  68  6:12  Zealot  
  70  6:49  Zealot  
  69  7:36  Probe  
  70  7:46  Pylon  
  70  7:47  Pylon  
  70  7:48  Pylon  
  70  7:50  Pylon  
  70  7:51  Nexus  
  70  7:52  Pylon  
  70  7:54  Pylon  
  70  8:04  High Templar, Probe x2, Zealot x2  
  70  8:05  High Templar, Zealot x2  
  84  8:17  Pylon  
  71  8:31  Zealot x2  
  71  8:32  Zealot x2  
  71  8:33  Phoenix x2 (Chrono Boost)  
  83  8:43  Zealot  
  83  8:44  Zealot  
  87  8:53  Gateway  
  87  8:55  Gateway  
  87  8:57  Gateway  
  87  8:59  Gateway  
  87  9:27  Zealot x2  
  91  9:34  Probe x2  
  91  9:35  Probe  
  94  9:39  High Templar  
  94  9:40  High Templar  
  94  9:41  High Templar x2  
  94  9:43  High Templar x2  
  106  9:46  High Templar, Probe x2  
  106  9:48  Zealot  
  112  9:53  Pylon  
  112  9:54  Zealot x2  
  112  9:55  Probe  
  112  9:58  Probe x2  
  119  10:15  Zealot  
  119  10:19  High Templar, Zealot  
  119  10:20  Zealot  
  117  10:24  Probe  
  117  10:25  Probe x2  
  117  10:48  High Templar x2  
  117  10:49  High Templar, Zealot x2  
  127  10:51  Archon x2  
  127  10:52  Archon x2  
  127  10:59  Zealot x4  
  127  11:03  Zealot  
  137  11:16  Zealot x2  
  137  11:18  Probe  
  141  11:19  Probe x2  
  144  11:28  Probe  
  144  11:31  Probe  
  146  11:35  Archon  
  146  11:39  High Templar  
  148  11:46  Archon  
  148  11:54  Zealot  
  148  12:06  Pylon  
  148  12:08  Pylon  
  148  12:21  Zealot  
  149  12:24  Zealot x4  
  149  12:26  Zealot  
  147  12:49  Pylon  
  147  12:57  Zealot x3  
  147  12:58  Zealot x2  
  47  14:19  Zealot x5  
  47  14:20  Zealot  
Tags
 
Add a new tag
Caveats
  • Supply blocks, unpowered buildings, or Contaminate may cause inaccurate times.
  • Supply counts are checked every 10 seconds.